 Dungeon Crawl Stone Soup version 0.24-a0-201-gf205589 (console) character file.

Game seed: 17828715951843646515

34 bli the Slasher (level 3, -1/31 HPs)
             Began as a Draconian Monk on Mar 25, 2019.
             Slain by Terence
             ... wielding a +0 mace
              (8 damage)
             ... on level 2 of the Dungeon.
             The game lasted 00:02:16 (1128 turns).

bli the Slasher (Draconian Monk)                    Turns: 1128, Time: 00:02:17

Health: -1/31      AC:  2    Str: 13    XL:     3   Next: 14%
Magic:  3/3        EV: 13    Int: 10    God:
Gold:   48         SH:  0    Dex: 14    Spells: 2/2 levels left

rFire    . . .     SeeInvis .   a - +0 falchion
rCold    . . .     Gourm    .   (no shield)
rNeg     . . .     Faith    .   (armour unavailable)
rPois    .         Spirit   .   (helmet restricted)
rElec    .         Reflect  .   (no cloak)
rCorr    .         Harm     .   (no gloves)
MR       .....                  (no boots)
Stlth    ++........             (no amulet)
HPRegen  0.10/turn              h - -3 ring of protection (curse)
MPRegen  0.08/turn              (no ring)

@: no status effects
A: unfitting armour, cold-blooded, AC +5
a: no special abilities


You were on level 2 of the Dungeon.
You were hungry.

You visited 1 branch of the dungeon, and saw 2 of its levels.

You collected 48 gold pieces.

Inventory:

Hand Weapons
 a - a +0 falchion (weapon)
Missiles
 d - 18 stones (quivered)
Jewellery
 h - a cursed -3 ring of protection (left hand)
Scrolls
 c - 3 scrolls of noise {unknown}
 e - 3 scrolls of identify {unknown}
Potions
 f - a potion of mutation {unknown}
 g - a potion of magic {unknown}
 i - a potion of curing {unknown}
Comestibles
 b - a ration


   Skills:
 - Level 3.2 Fighting
 + Level 3.5 Long Blades
 * Level 3.4 Dodging
 - Level 1.7 Stealth


You had 2 spell levels left.
You didn't know any spells.
Your spell library was empty.

Dungeon Overview and Level Annotations

Branches:
Dungeon (2/15)

Altars:

Annotations:
D:2 Terence


Innate Abilities, Weirdness & Mutations

Your plain brown scales are hard. (AC +5)
You cannot fit into any form of body armour.
You are cold-blooded and may be slowed by cold attacks.


Message History

You barely miss Terence.
Your tail-slap misses Terence.
Terence is almost dead.
Terence hits you with a +0 mace!
You hit Terence.
Terence is almost dead.
Terence closely misses you.
You hit Terence but do no damage.
Terence is almost dead.
Terence hits you with a +0 mace.
* * * LOW HITPOINT WARNING * * *
You closely miss Terence. You tail-slap Terence.
Terence is almost dead.
Terence hits you but does no damage.
You hit Terence but do no damage.
Terence is almost dead.
Terence barely misses you.
You closely miss Terence. You tail-slap Terence.
Terence is almost dead.
Terence hits you with a +0 mace!
You die...

.#.## ....# ....#
....#### .#.....#
...###.# ####
#.#######
#.##....#
#.##.##.#
#.##.##.#########
#....#.....@@...#
###############.#


You could see Terence.

Vanquished Creatures
  An adder (D:2)
  2 dart slugs (D:1)
  A leopard gecko (D:1)
  A giant cockroach (D:1)
  2 hobgoblins (D:1)
  4 jackals (D:1)
  A bat (D:1)
  A goblin (D:1)
  3 kobolds (D:1)
  4 rats (D:1)
20 creatures vanquished.

Notes
Turn   | Place    | Note
-------+----------+-------------------------------------------
     0 | D:1      | bli the Draconian Monk began the quest for the Orb.
     0 | D:1      | Reached XP level 1. HP: 19/19 MP: 1/1
    80 | D:1      | Reached XP level 2. HP: 13/26 MP: 2/2
   740 | D:2      | Reached XP level 3. HP: 17/31 MP: 3/3
  1113 | D:2      | Noticed Terence
  1128 | D:2      | Slain by Terence

Levels and vault maps discovered:
D:1:      lordsloth_arrival_two_stooges, layout_basic
D:2:      layout_basic, uniq_terence

Skill      XL: |  1 |
---------------+----+-----
Dodging        | 3 |  3.4
Fighting       | |  3.2
Long Blades    | |  3.5
Stealth        | |  1.7

Action                   || total
-------------------------++-------
Melee: Falchion          ||    67
       Tailslap          ||    10
 Stab: Sleeping          ||     3
Armor: Skin              ||    11
Dodge: Dodged            ||    58
       Rpst.: Falchion   ||    24

Table legend:
 A = Non-vault XP
 B = Vault XP
 C = Vault XP percentage of total XP
 D = Non-vault monster count
 E = Vault monster count
 F = Vault count percentage of total count
                 A         B        C        D         E       F
            +---------+---------+-------+---------+---------+-------
      Total |      49 |       0 |   0.0 |      20 |       0 |   0.0
            +---------+---------+-------+---------+---------+-------
        D:1 |      35 |       0 |   0.0 |      19 |       0 |   0.0
        D:2 |      14 |       0 |   0.0 |       1 |       0 |   0.0
            +---------+---------+-------+---------+---------+-------
